 Dungeon Crawl Stone Soup version 0.20.0-10-g0535bb4 (webtiles) character file.

24 anfisbena the Firebug (level 3, 19/19 HPs)
             Began as a Gargoyle Fire Elementalist on June 3, 2017.
             Got out of the dungeon alive.
             The game lasted 00:01:36 (1477 turns).

anfisbena the Firebug (Gargoyle Fire Elementalist)  Turns: 1477, Time: 00:01:37

Health: 19/19      AC:  5    Str: 11    XL:     3   Next: 2%
Magic:  6/6        EV: 12    Int: 15    God:
Gold:   25         SH:  0    Dex: 11    Spells: 5/6 levels left

rFire    . . .     SeeInvis .   (no weapon)
rCold    . . .     Gourm    .   (no shield)
rNeg     + . .     Faith    .   a - +0 robe
rPois    ∞         Spirit   .   (no helmet)
rElec    +         Reflect  .   (no cloak)
rCorr    .         Harm     .   (no gloves)
MR       .....                  (no boots)
Stlth    ++........             (no amulet)
Regen    0.1/turn               (no ring)
MPRegen  0.1/turn               (no ring)

@: no status effects
A: negative energy resistance 1, electricity resistance, unbreathing,
petrification resistance, rot immunity, AC +3
a: no special abilities


You escaped.
You were not hungry.

You visited 1 branch of the dungeon, and saw 1 of its levels.

You collected 25 gold pieces.

Inventory:

Armour
 a - a +0 robe (worn)
Jewellery
 d - an uncursed ring of positive energy {unknown}
Scrolls
 e - a scroll of remove curse {unknown}
 h - a scroll of identify {unknown}
 j - a scroll of teleportation {unknown}
Potions
 i - a potion of curing {unknown}
 k - a potion of ambrosia {unknown}
Books
 b - a book of Flames

   Spells                             Type                      Level
   a - Flame Tongue                   Conjuration/Fire             1
   b - Throw Flame                    Conjuration/Fire             2
   c - Conjure Flame                  Conjuration/Fire             3
   d - Inner Flame                    Hexes/Fire                   3
   e - Sticky Flame                   Conjuration/Fire             4
   f - Fireball                       Conjuration/Fire             5
Comestibles
 c - a bread ration
 f - a royal jelly
 g - a chunk of flesh


   Skills:
 - Level 1.5 Dodging
 - Level 2.1 Stealth
 - Level 2.0 Spellcasting
 + Level 2.2 Conjurations
 + Level 3.6 Fire Magic


You had 5 spell levels left.
You knew the following spells:

 Your Spells              Type           Power        Failure   Level  Hunger
a - Flame Tongue          Conj/Fire      ##...        7%          1    #......


Dungeon Overview and Level Annotations

Branches:
Dungeon (1/15)

Altars:


Innate Abilities, Weirdness & Mutations

You are resistant to torment.
Your stone body is resilient. (AC +3)
You are immune to poison.
You resist negative energy. (rN+)
You are resistant to electric shocks. (rElec)
You can survive without breathing.
You are immune to petrification.
You are immune to rotting.


Message History

No target in view!
No target in view!
No target in view!
No target in view!
No target in view!
No target in view!
Casting: Flame Tongue
Confirm with . or Enter, or press ? or * to list all spells.
You can't see any susceptible monsters within range! (Use Z to cast anyway.)
(D) Dungeon
Where to? (Enter - D:1 @ (x,y), ? - help)
There is a stone staircase leading down here.
Some of the chunks of flesh in your inventory have rotted away.
Eating one of 2 chunks of flesh.
You eat one of the 2 chunks of flesh.
This raw flesh tastes terrible.
You see here a leather armour.
There is a large open door here.
There is a staircase leading out of the dungeon here.
Are you sure you want to leave the Dungeon?
This will make you lose the game!
You have escaped!

##################
#≈≈≈P≈≈≈≈P≈P≈≈≈P.P
#≈≈≈≈≈≈≈≈≈≈≈≈≈PPP.
#≈≈≈≈≈≈≈P≈≈≈≈≈≈P≈≈
#≈≈≈≈≈≈≈≈≈≈≈≈≈≈≈≈≈
#≈.≈≈≈≈≈≈≈≈≈≈≈≈≈≈≈
#≈..≈..≈≈≈≈≈..≈≈≈.
#.#≈.≈#.≈.≈.##.≈.#
#@######.P.####.##
### ##### ###


There were no monsters in sight!

Vanquished Creatures
  3 bats (D:1)
  A giant cockroach (D:1)
  3 goblins (D:1)
  5 hobgoblins (D:1)
  2 frilled lizards (D:1)
  5 kobolds (D:1)
  3 rats (D:1)
22 creatures vanquished.

Notes
Turn   | Place    | Note
-------+----------+-------------------------------------------
     0 | D:1      | anfisbena the Gargoyle Fire Elementalist began the quest for the Orb.
     0 | D:1      | Reached XP level 1. HP: 10/10 MP: 3/3
   351 | D:1      | Reached XP level 2. HP: 9/15 MP: 1/5
  1330 | D:1      | Reached XP level 3. HP: 16/19 MP: 0/6
  1477 | D:$      | Got out of the dungeon alive.

Skill      XL: |  1  2 |
---------------+-------+-----
Conjurations   | 2 |  2.2
Dodging        | |  1.5
Stealth        | |  2.1
Spellcasting   | |  2.0
Fire Magic     | |  3.6

Action                   || total
-------------------------++-------
Melee: Unarmed           ||   122
 Cast: Flame Tongue      ||    33
 Stab: Sleeping          ||     1
  Eat: Chunk             ||     3
Armor: Robe              ||    52
Dodge: Dodged            ||    94
